Map: Dash and Terminal LE (Void)

Players

State

  • Race: Protoss Protoss
  • League: Diamond

LiquidSnute (Snute) - Winner!

  • Race: Zerg Zerg
  • League: Grandmaster

Event: Team Gravity's Fight Night #37

VOD

https://youtu.be/T6TAOjOoSBY?t=55m10s

Description

Time

  • Played on: Oct. 31, 2015, 7:10 p.m.
  • Length: 9:05

All games in this series

Show
View Real Time Build Order
Export as new Build Order

State Protoss 

Build Orders: Cannon Rush 

Get SALT Encoding   

  12  0:01  Probe (Chrono Boost)  
  13  0:14  Pylon  
  13  0:18  Probe (Chrono Boost)  
  14  0:29  Probe (Chrono Boost)  
  15  0:38  Forge  
  15  0:40  Probe (Chrono Boost)  
  16  0:50  Probe (Chrono Boost)  
  17  1:01  Probe (Chrono Boost)  
  18  1:08  Pylon  
  18  1:26  Photon Cannon  
  18  1:29  Photon Cannon  
  18  1:31  Photon Cannon  
  18  1:39  Photon Cannon  
  18  1:45  Gateway  
  18  1:50  Photon Cannon  
  18  1:52  Pylon  
  17  2:00  Probe (Chrono Boost)  
  17  2:08  Assimilator  
  17  2:11  Probe (Chrono Boost), Assimilator  
  17  2:13  Nexus  
  18  2:17  Gateway  
  18  2:21  Probe (Chrono Boost)  
  19  2:32  Probe (Chrono Boost)  
  20  2:39  Nexus  
  20  2:42  Probe (Chrono Boost)  
  21  2:53  Probe (Chrono Boost)  
  21  2:57  Pylon  
  22  3:07  Photon Cannon  
  22  3:11  Pylon  
  23  3:18  Photon Cannon  
  22  3:23  Probe (Chrono Boost)  
  22  3:25  Probe (Chrono Boost)  
  24  3:34  Probe (Chrono Boost)  
  25  3:36  Probe (Chrono Boost)  
  26  3:41  Cybernetics Core  
  26  3:44  Probe (Chrono Boost)  
  28  3:54  Zealot (Chrono Boost)  
  27  4:21  Probe  
  27  4:23  Photon Cannon  
  27  4:26  Warp Gate (Chrono Boost)  
  27  4:30  Mothership Core  
  25  4:33  Probe  
  28  4:41  Adept  
  28  4:45  Photon Cannon  
  29  4:50  Probe  
  29  5:01  Probe, Pylon  
  30  5:09  Photon Cannon  
  30  5:10  Probe  
  30  5:13  Sentry  
  32  5:15  Probe  
  33  5:23  Probe  
  33  5:28  Probe, Assimilator  
  34  5:33  Assimilator  
  34  5:35  Probe  
  36  5:38  Probe  
  37  5:42  Assimilator  
  37  5:43  Assimilator  
  37  5:46  Pylon  
  37  5:47  Probe  
  37  5:49  Probe  
  39  5:59  Probe  
  39  6:00  Probe  
  41  6:13  Gateway  
  41  6:16  Probe  
  41  6:18  Probe, Gateway  
  42  6:21  Gateway  
  42  6:26  Sentry  
  42  6:29  Probe  
  42  6:32  Probe  
  46  6:40  Robotics Facility  
  46  6:43  Probe  
  46  6:44  Probe  
  48  6:53  Pylon  
  48  6:58  Pylon  
  48  7:00  Stalker  
  48  7:08  Pylon  
  48  7:13  Stalker  
  50  7:22  Stalker x3  
  54  7:24  Probe x2  
  54  7:29  Immortal (Chrono Boost)  
  60  7:36  Probe  
  61  7:38  Cybernetics Core  
  62  7:47  Pylon  
  61  7:51  Zealot x3  
  63  8:02  Zealot  
  63  8:03  Probe x2  
  65  8:09  Immortal (Chrono Boost)  
  61  8:18  Sentry x3  
  63  8:29  Sentry  
  63  8:31  Probe  
  63  8:32  Probe  
  67  8:40  Gateway  
  53  8:44  Probe x2  
  53  8:47  Pylon  
  53  8:48  Pylon  
Show
View Real Time Build Order
Export as new Build Order

LiquidSnute Zerg - Winner!

Build Orders: Hatch First 

Get SALT Encoding   

  12  0:00  Drone  
  13  0:12  Overlord  
  13  0:17  Drone  
  14  0:31  Drone x2  
  14  0:35  Drone  
  17  0:52  Hatchery  
  17  0:56  Drone  
  17  0:58  Drone  
  18  1:06  Drone  
  19  1:27  Spawning Pool  
  18  2:03  Drone x3  
  18  2:05  Drone  
  22  2:15  Queen  
  22  2:20  Queen  
  26  2:27  Overlord  
  26  2:28  Extractor  
  25  2:31  Zergling x4  
  25  2:33  Zergling x2  
  28  2:39  Overlord  
  28  2:46  Zergling x4  
  28  2:50  Evolution Chamber  
  29  3:01  Zergling x2  
  29  3:02  Zergling x4  
  32  3:09  Zergling x2  
  32  3:10  Zergling x2  
  34  3:19  Zergling x2  
  35  3:22  Zergling x2  
  35  3:25  Zergling x6  
  39  3:28  Overlord  
  39  3:31  Zergling x4  
  41  3:42  Zergling x2  
  41  3:43  Zergling x4  
  44  3:51  Zergling x2  
  45  3:58  Overlord  
  45  3:59  Drone x5  
  50  4:07  Drone x3  
  50  4:09  Drone  
  52  4:18  Drone  
  53  4:30  Hatchery  
  51  4:35  Drone  
  51  4:36  Drone x2  
  54  4:40  Extractor x2  
  54  4:45  Drone x2  
  51  4:55  Drone  
  51  4:56  Drone  
  49  5:03  Drone x2  
  49  5:08  Drone x2  
  49  5:09  Drone  
  49  5:10  Roach Warren  
  49  5:11  Drone  
  49  5:12  Extractor  
  51  5:17  Drone  
  51  5:20  Queen  
  53  5:24  Overlord  
  53  5:26  Zerg Missile Weapons Level 1, Drone  
  54  5:33  Drone  
  55  5:36  Drone  
  55  5:38  Extractor  
  55  5:40  Drone x3  
  55  5:42  Drone  
  59  5:44  Drone  
  59  5:45  Extractor  
  59  5:49  Overlord  
  59  5:53  Roach x4  
  67  5:58  Roach  
  67  6:01  Roach  
  71  6:08  Roach  
  71  6:09  Roach  
  75  6:13  Ravager x3  
  75  6:14  Overlord, Ravager  
  79  6:20  Ravager  
  79  6:21  Ravager  
  79  6:25  Metabolic Boost  
  81  6:28  Lair  
  81  6:34  Roach x3  
  81  6:35  Overlord  
  87  6:42  Roach  
  89  6:54  Ravager  
  89  6:55  Ravager  
  91  7:07  Ravager x4  
  95  7:12  Roach x2  
  90  7:23  Roach x2  
  90  7:24  Overlord x2, Roach x2  
  97  7:37  Overlord  
  97  7:39  Overlord  
  97  7:40  Overlord  
  93  7:46  Roach x7  
  93  7:48  Ravager x5  
  106  8:00  Roach x4  
  106  8:04  Ravager  
  112  8:10  Roach x3  
  115  8:19  Roach x2  
  110  8:20  Ravager x3  
  113  8:31  Ravager x3  
  113  8:38  Ravager  
  111  8:43  Ravager  

Tags
 
Add a new tag
Caveats
  • Supply blocks, unpowered buildings, or Contaminate may cause inaccurate times.
  • Supply counts are checked every 10 seconds.